 Dungeon Crawl Stone Soup version 0.29.0-4-gdea44cf6ec (webtiles) character file.

Game seed: 1941257406023931213

54 qw the Ruffian (level 3, -4/28 HPs)
             Began as a Ghoul Fire Elementalist on Aug 30, 2022.
             Slain by Grinder (7 damage)
             ... on level 3 of the Dungeon.
             The game lasted 00:01:57 (2411 turns).

qw the Ruffian (Ghoul Fire Elementalist)            Turns: 2411, Time: 00:01:57

Health: -4/28      AC: 15    Str: 13    XL:     3   Next: 91%
Magic:  4/4        EV:  3    Int: 16    God:
Gold:   505        SH:  0    Dex:  9    Spells: 4/5 levels left

rFire   . . .      SeeInvis +     - Unarmed
rCold   + . .      Faith    .   (no shield)
rNeg    + + +      Spirit   .   e - +0 plate armour
rPois   inf        Reflect  .   (no helmet)
rElec   .          Harm     .   (no cloak)
rCorr   .          Rampage  inf c - +0 pair of gloves
Will    .....                   a - +3 pair of seven-league boots {Rampage+∞}
Stlth   ..........              (no amulet)
HPRegen 0.00/turn               g - ring "Ciamokha" {Drain rN+ Int+6 SInv}
MPRegen 0.09/turn               (no ring)

@: about to teleport, inhibited regen
A: claws 1, cold resistance 1, negative energy resistance 3, inhibited
regeneration, torment resistance 2, devour on kill
a: no special abilities


You were on level 3 of the Dungeon.
You visited 1 branch of the dungeon, and saw 3 of its levels.

You collected 505 gold pieces.


Innate Abilities, Weirdness & Mutations

You are immune to poison.
You have sharp fingernails.
Your flesh is cold resistant. (rC+)
You are immune to negative energy. (rN+++)
You do not regenerate when monsters are visible.
You are immune to unholy pain and torment.
You thrive by killing the living.


   Skills:
 - Level 1.3 Fighting
 - Level 1.1 Armour
 - Level 1.7 Dodging
 - Level 2.1 Stealth
 + Level 2.8 Unarmed Combat
 - Level 1.7 Spellcasting
 - Level 0.7 Conjurations
 - Level 2.4 Fire Magic


You had 4 spell levels left.
You knew the following spells:

 Your Spells              Type           Power      Damage    Failure   Level
a - Foxfire               Conj/Fire      24%        2x1d5     100%        1

Your spell library contained the following spells:

 Spells                   Type           Power      Damage    Failure   Level
 Scorch                   Fire           18%        2d6       100%        2
 Conjure Flame            Conj/Fire      6%         6-21      100%        3
 Inner Flame              Hex/Fire       5%         N/A       100%        3
 Flame Wave               Conj/Fire      6%         2d5       100%        4

Inventory:

Armour
 a - the +3 pair of seven-league boots (worn) {Rampage+∞}
   (You acquired it on level 2 of the Dungeon)

   Its wearer moves as far as possible in that direction when moving towards
   enemies.
 c - a +0 pair of gloves (worn)
 e - a +0 plate armour (worn)
Jewellery
 g - the ring "Ciamokha" (left hand) {Drain rN+ Int+6 SInv}
   (You acquired it on level 2 of the Dungeon)

   [ring of intelligence]

   Int:       It affects your intelligence (+6).
   rN:        It protects you from negative energy.
   SInv:      It lets you see invisible.
   Drain:     It drains your maximum health when unequipped.
Scrolls
 b - a scroll of teleportation
 d - 2 scrolls of identify {unknown}
 h - a scroll of fog {unknown}
Potions
 f - a potion of heal wounds {unknown}

Dungeon Overview and Level Annotations

Branches:
Dungeon (3/15)

Altars:

Annotations:
D:3 Grinder


Message History

Grinder gestures at you.
You suddenly lose the ability to move!
Grinder completely misses you. Grinder hits you but does no damage.
Grinder hits you. Grinder gestures at you.
You shrug off the repeated paralysis!
You can move again.
You barely miss Grinder.
Grinder is moderately wounded.
Grinder hits you but does no damage.
You hit Grinder but do no damage.
Grinder is moderately wounded.
Grinder hits you.
You hit Grinder.
Grinder is moderately wounded.
Grinder gestures at you. You resist with significant effort.
You closely miss Grinder.
Grinder is moderately wounded.
Grinder hits you but does no damage.
You hit Grinder.
Grinder is heavily wounded.
Grinder barely misses you.
You closely miss Grinder.
Grinder is heavily wounded.
Grinder barely misses you.
You hit Grinder but do no damage.
Grinder is heavily wounded.
Grinder barely misses you.
You completely miss Grinder.
Grinder is heavily wounded.
You hit Grinder.
Grinder is heavily wounded.
Grinder hits you!
2411 ||| READING 2 scrolls of teleportation.
As you read the scroll of teleportation, it crumbles to dust.
You feel strangely unstable. Grinder hits you!
You die...

.## .. ###.# ... .
##.######.. #.#
###.......... #.#
#...........# #.#
#.#).@5...... #.#
#.#.######### #.#
#.#.#........ #.#
#.#...##########.
########.###.####...........
#.....#........##.#.........
#...#.#..###.#.##.#.########
....#.#..# #.#.##.#.#
......#..# #.#.##.#.#


You could see Grinder.

Vanquished Creatures
  An adder (D:3)
  2 dart slugs (D:1)
  5 bats
  5 endoplasms
  4 goblins
  3 hobgoblins
  9 kobolds
  2 quokkas
  4 ball pythons
  A frilled lizard (D:1)
  2 rats (D:1)
38 creatures vanquished.

Notes
Turn   | Place    | Note
-------+----------+-------------------------------------------
     0 | D:1      | qw the Ghoul Fire Elementalist began the quest for the Orb.
     0 | D:1      | Reached XP level 1. HP: 14/14 MP: 2/2
     0 | D:1      | 0 ||| qw: Version: 0.1-a-90-g952f4b7
     0 | D:1      | 0 ||| qw: Game counter: 4356
     0 | D:1      | 0 ||| qw: Always use a shield: true
     0 | D:1      | 0 ||| qw: God list: Okawaru
     0 | D:1      | 0 ||| qw: Allow faded altars: false
     0 | D:1      | 0 ||| qw: Do Orc after D:15 true
     0 | D:1      | 0 ||| qw: Do second Lair branch before Depths: true
     0 | D:1      | 0 ||| qw: Lair rune preference: random
     0 | D:1      | 0 ||| qw: Plans: Normal
     0 | D:1      | 0 ||| PLANNING D:1-11
    53 | D:1      | 53 ||| Stepping ~*~*~tactically~*~*~ (outnumbered).
    60 | D:1      | Reached skill level 1 in Unarmed Combat
    71 | D:1      | 71 ||| Stepping ~*~*~tactically~*~*~ (stealth).
    73 | D:1      | 73 ||| Stepping ~*~*~tactically~*~*~ (stealth).
    77 | D:1      | Found a faded altar of an unknown god.
    78 | D:1      | 78 ||| Stepping ~*~*~tactically~*~*~ (stealth).
    81 | D:1      | 81 ||| Stepping ~*~*~tactically~*~*~ (stealth).
   355 | D:1      | Reached skill level 1 in Fighting
   355 | D:1      | Reached XP level 2. HP: 9/23 MP: 3/3
   706 | D:1      | 706 ||| Stepping ~*~*~tactically~*~*~ (outnumbered).
   707 | D:1      | 707 ||| Stepping ~*~*~tactically~*~*~ (outnumbered).
   708 | D:1      | 708 ||| Stepping ~*~*~tactically~*~*~ (outnumbered).
   710 | D:1      | 710 ||| Stepping ~*~*~tactically~*~*~ (outnumbered).
   711 | D:1      | 711 ||| Stepping ~*~*~tactically~*~*~ (outnumbered).
   712 | D:1      | 712 ||| Stepping ~*~*~tactically~*~*~ (outnumbered).
   766 | D:1      | 766 ||| Stepping ~*~*~tactically~*~*~ (stealth).
   832 | D:1      | 832 ||| Stepping ~*~*~tactically~*~*~ (hiding).
   934 | D:1      | 934 ||| Stepping ~*~*~tactically~*~*~ (hiding).
  1036 | D:1      | 1036 ||| Stepping ~*~*~tactically~*~*~ (hiding).
  1138 | D:1      | 1138 ||| Stepping ~*~*~tactically~*~*~ (hiding).
  1406 | D:1      | 1406 ||| UPGRADING to +0 plate armour.
  1416 | D:1      | 1416 ||| DROPPING +0 robe.
  1417 | D:1      | 1417 ||| DROPPING ring of wizardry.
  1418 | D:1      | 1418 ||| READING scroll labelled JUX FIERCHEPRA.
  1419 | D:1      | 1419 ||| READING scroll labelled EZUAP ISOIFF.
  1420 | D:1      | 1420 ||| DROPPING potion of magic.
  1441 | D:2      | 1441 ||| STAIRDANCE
  1451 | D:2      | Reached XP level 3. HP: 28/28 MP: 4/4
  1693 | D:2      | 1693 ||| Stepping ~*~*~tactically~*~*~ (stealth).
  1887 | D:2      | 1887 ||| UPGRADING to +0 pair of gloves.
  1892 | D:2      | 1892 ||| READING 2 scrolls labelled TANETUHIO.
  1896 | D:2      | 1896 ||| READING 3 scrolls labelled FUXONT YLILL.
  1896 | D:2      | Identified 3 scrolls of acquirement
  1896 | D:2      | 1896 ||| ACQUIRING 376 gold pieces
  1896 | D:2      | Acquired 376 gold pieces
  1898 | D:2      | 1898 ||| READING 2 scrolls of acquirement.
  1898 | D:2      | 1898 ||| ACQUIRING +3 pair of seven-league boots
                  | {Rampage+∞}
  1898 | D:2      | Acquired the +3 pair of seven-league boots {Rampage+∞}
  1898 | D:2      | Found the +3 pair of seven-league boots {Rampage+∞}
  1900 | D:2      | 1900 ||| UPGRADING to +3 pair of seven-league boots
                  | {Rampage+∞}.
  1905 | D:2      | 1905 ||| READING scroll of acquirement.
  1905 | D:2      | 1905 ||| ACQUIRING ring "Ciamokha" {Drain rN+ Int+6 SInv}
  1905 | D:2      | Acquired the ring "Ciamokha" {Drain rN+ Int+6 SInv}
  1907 | D:2      | 1907 ||| UPGRADING to ring "Ciamokha" {Drain rN+ Int+6
                  | SInv}.
  1908 | D:2      | 1908 ||| READING scroll labelled MUIZEI YLAO.
  2253 | D:3      | Reached skill level 1 in Armour
  2364 | D:3      | Noticed Grinder
  2365 | D:3      | 2365 ||| Stepping ~*~*~tactically~*~*~ (hiding).
  2382 | D:3      | Paralysed by Grinder for 3 turns
  2397 | D:3      | Paralysed by Grinder for 5 turns
  2410 | D:3      | HP: 3/28 [Grinder (7)]
  2411 | D:3      | 2411 ||| READING 2 scrolls of teleportation.
  2411 | D:3      | Slain by Grinder

Levels and vault maps discovered:
D:1:      zaba_arrival_water, layout_basic, basic_ecumenical_altar,
          serial_forest, infiniplex_forest_clump_large, infiniplex_forest_split,
          infiniplex_forest_lined_corner, infiniplex_forest_lined_2,
          infiniplex_forest_side_room, infiniplex_forest_clump_diagonal
D:2:      layout_basic
D:3:      layout_basic, nicolae_overflow_two_pavilions, uniq_grinder

Skill      XL: |  1  2  3 |
---------------+----------+-----
Unarmed Combat | 1 2 |  2.8
Fighting       | 1 |  1.3
Armour         | 1 |  1.1
Dodging        | |  1.7
Stealth        | |  2.1
Spellcasting   | |  1.7
Conjurations   | |  0.7
Fire Magic     | |  2.4

Action                   || total
-------------------------++-------
Melee: Unarmed           ||   170
  Use: Scroll            ||     8
Armor: Robe              ||    10
       Plate armour      ||    88
Dodge: Dodged            ||    46

Table legend:
 A = Non-vault XP
 B = Vault XP
 C = Vault XP percentage of total XP
 D = Non-vault monster count
 E = Vault monster count
 F = Vault count percentage of total count
                 A         B        C        D         E       F
            +---------+---------+-------+---------+---------+-------
      Total |      78 |       0 |   0.0 |      38 |       0 |   0.0
            +---------+---------+-------+---------+---------+-------
        D:1 |      33 |       0 |   0.0 |      17 |       0 |   0.0
        D:2 |      18 |       0 |   0.0 |      11 |       0 |   0.0
        D:3 |      27 |       0 |   0.0 |      10 |       0 |   0.0
            +---------+---------+-------+---------+---------+-------
